 Dungeon Crawl Stone Soup version 0.30-a0-476-g330ca2eb8e (webtiles) character file.

Game seed: 13672974666905770832

44 bmack86 the Covered (level 3, -3/33 HPs)
             Began as a Minotaur Fighter on Dec 22, 2022.
             Succumbed to Sigmund's poison
             ... on level 3 of the Dungeon.
             The game lasted 00:03:45 (1480 turns).

bmack86 the Covered (Minotaur Fighter)              Turns: 1480, Time: 00:03:45

Health: -3/33      AC:  7    Str: 28    XL:     3   Next: 39%
Magic:  2/2        EV:  9    Int:  5    God:
Gold:   40         SH:  4    Dex:  9    Spells: 2/2 levels left

rFire   . . .      SeeInvis .    a - +0 war axe
rCold   . . .      Faith    .    c - +0 buckler
rNeg    . . .      Spirit   .    b - +0 scale mail
rPois   .          Reflect  .    (helmet restricted)
rElec   .          Harm     .    (no cloak)
rCorr   .          Rampage  .    (no gloves)
Will    .....                    (no boots)
Stlth   ..........               (no amulet)
HPRegen 0.25/turn                k - +6 ring of strength
MPRegen 0.08/turn                (no ring)

@: lethally poisoned (-3 -> -15)
A: horns 2, retaliatory headbutt
a: no special abilities


You were on level 3 of the Dungeon.
You visited 1 branch of the dungeon, and saw 3 of its levels.

You collected 40 gold pieces.

Inventory:

Hand Weapons
 a - a +0 war axe (weapon)
Missiles
 i - 2 poisoned darts (quivered)
Armour
 b - a +0 scale mail (worn)
 c - a +0 buckler (worn)
Jewellery
 k - a +6 ring of strength (left hand)
Scrolls
 j - a scroll of amnesia {unknown}
 l - a scroll of fog {unknown}
Potions
 d - a potion of might
 e - 2 potions of heal wounds
 f - 2 potions of berserk rage
 g - a potion of brilliance
 m - a potion of curing {unknown}


   Skills:
 + Level 4.0 Fighting
 * Level 3.3 Axes
 + Level 0.6 Throwing
 + Level 4.0 Armour
 + Level 4.0 Shields


You had 2 spell levels left.
You didn't know any spells.
Your spell library contained the following spells:

 Spells                   Type           Power      Damage    Failure   Level
 Blink                    Tloc           0%         N/A       92%         2
 Momentum Strike          Conj/Tloc      0%         3d8       92%         2
 Lesser Beckoning         Tloc           0%         N/A       99%         3


Dungeon Overview and Level Annotations

Branches:
Dungeon (3/15)

Altars:

Annotations:
D:3 Sigmund


Innate Abilities, Weirdness & Mutations

You have a pair of horns on your head.
You reflexively headbutt those who attack you in melee.


Message History

You climb downwards.
Found five items.
There is a stone staircase leading up here.
You block Sigmund's attack.
You barely miss Sigmund.
Sigmund hits you with a +2 scythe of venom.
You are poisoned.
You hit Sigmund.
Sigmund is lightly wounded.
You feel very sick. You block Sigmund's attack.
You barely miss Sigmund. Your headbutt misses Sigmund.
Sigmund is lightly wounded.
You feel very sick. You block Sigmund's attack.
You closely miss Sigmund.
Sigmund is lightly wounded.
You feel sick.
Sigmund hits you with a +2 scythe of venom.
You are lethally poisoned!
You hit Sigmund.
Sigmund is moderately wounded.
* * * LOW HITPOINT WARNING * * *
You feel very sick. Sigmund closely misses you. You furiously retaliate!
You headbutt Sigmund! You closely miss Sigmund.
Sigmund is severely wounded.
* * * LOW HITPOINT WARNING * * *
You feel very sick. Sigmund hits you but does no damage.
You are more poisoned.
You hit Sigmund.
Sigmund is almost dead.
* * * LOW HITPOINT WARNING * * *
You feel very sick.
Sigmund is suddenly surrounded by pale red light.
Sigmund barely misses you.
You closely miss Sigmund.
Sigmund is almost dead.
You die...

.... .#..
# ...[ .$
.).
#.####.##
#.?.....#
####....@#
#..?....@#
.##...<.#
#.....#
#######


You could see Sigmund.

Vanquished Creatures
  An adder (D:2)
  A worm (D:2)
  2 dart slugs
  5 endoplasms
  4 goblins
  2 hobgoblins (D:2)
  2 quokkas
  3 ball pythons
  3 bats (D:2)
  A frilled lizard (D:1)
  2 rats (D:1)
26 creatures vanquished.

Notes
Turn   | Place    | Note
-------+----------+-------------------------------------------
     0 | D:1      | bmack86 the Minotaur Fighter began the quest for the Orb.
     0 | D:1      | Reached XP level 1. HP: 19/19 MP: 0/0
   271 | D:1      | Reached XP level 2. HP: 27/27 MP: 1/1
   968 | D:2      | Reached XP level 3. HP: 33/33 MP: 2/2
  1470 | D:3      | Noticed Sigmund
  1479 | D:3      | HP: 1/33 [poisoned by Sigmund]
  1480 | D:3      | Succumbed to Sigmund's poison

Illustrated notes

Levels and vault maps discovered:
D:1:      nzn_arrival_settlement, layout_basic, minmay_fountain_box,
          minivault_23
D:2:      layout_loops_ring
D:3:      layout_loops_cross, lemuel_crystal_altar, minivault_4, uniq_sigmund,
          uniq_ijyb

Skill      XL: |  1  2  3 |
---------------+----------+-----
Axes           | 3 |  3.3
Fighting       | 4 |  4.0
Armour         | 4 |  4.0
Shields        | 4 |  4.0
Throwing       | |  0.6

Action                   || total
-------------------------++-------
Melee: War axe           ||    69
       Headbutt          ||     9
  Use: Scroll            ||     3
Armor: Scale mail        ||    33
Dodge: Dodged            ||    31
Block: Buckler           ||    15

Table legend: (Time is in decaauts)
 A = Elapsed time spent in this place.
 B = Non-inter-level travel time spent in this place.
 C = Inter-level travel time spent in this place.
 D = Time resting spent in this place.
 E = Time spent auto-exploring this place.
 F = Levels seen in this place.
 G = Mean time per level.
                   A        B        C        D        E       F      G
               +--------+--------+--------+--------+--------+-----+--------+
         Total |   1506 |   1468 |     38 |      0 |   1159 |   3 |  502.0 |
       Dungeon |   1506 |   1468 |     38 |      0 |   1159 |   3 |  502.0 |
               +--------+--------+--------+--------+--------+-----+--------+

Top non-repeatable levels by time:
     D:1: 830 daAuts
     D:2: 663 daAuts
     D:3: 12 daAuts
